[Event "Titled Tuesday Blitz May 16 Early 2023"]
[White "Flis, Pawel"]
[Black "Smith, Shreyas"]
[WhiteFideId "1112864"]
[BlackFideId "7400713"]
[WhiteElo "1822"]
[BlackElo "2151"]
[Result "0-1"]
[Round "09"]
[TimeControl "180+2"]
[Date "2023.05.16"]
[WhiteClock "0:00:00"]
[BlackClock "0:00:02"]

1. e4 c5 2. Nf3 Nc6 3. d4 cxd4 4. Nxd4 e5 5. Nb5 d6 6. c4 Be7 7. Be2 Nf6 8. N1c3 a6 9. Na3 O-O 10. O-O Nd4 11. Nc2 Nxe2+ 12. Qxe2 Be6 13. Ne3 Rc8 14. Ned5 Nd7 15. Be3 Bg5 16. Rad1 Bxe3 17. Nxe3 Nf6 18. Ned5 Nxd5 19. Nxd5 f5 20. b3 f4 21. f3 g5 22. Qf2 Rc5 23. Nb4 Qe7 24. a4 g4 25. Rd2 Kh8 26. Rfd1 gxf3 27. Qxf3 Qh4 28. Qf2 Qg5 29. Rxd6 Rc7 30. Rxe6 Rg7 31. Rd5 f3 32. g3 Qc1+ 33. Qf1 f2+ 34. Kg2 Qc3 35. Nd3 Qd2 36. Nxe5 Qe3 37. Rd7 Qxe4+ 38. Kh3 Qf5+ 39. Kg2 Qxe6 40. Rxg7 Kxg7 41. Nf3 Qe4 42. Qa1+ Kg6 43. Qc3 Rxf3 0-1


[Site "https://www.chess.com"]

[Event "Titled Tuesday Blitz May 16 Early 2023"]
[White "hsd2016"]
[Black "littlepillow2010"]
[WhiteElo "2199"]
[BlackElo "2319"]
[Result "0-1"]
[Round "09"]
[TimeControl "180+2"]
[Date "2023.05.16"]
[WhiteClock "0:00:05"]
[BlackClock "0:01:32"]

1. e4 c5 2. Nf3 Nc6 3. d4 cxd4 4. Nxd4 e6 5. Nc3 Qc7 6. Be3 a6 7. a3 b5 8. Be2 Bb7 9. O-O Nf6 10. f4 Bc5 11. e5 Qb6 12. exf6 gxf6 13. Ncxb5 axb5 14. c3 e5 15. fxe5 fxe5 16. Qb3 O-O-O 17. Rac1 exd4 18. cxd4 Bxd4 19. Bxd4 Qxd4+ 20. Kh1 Kb8 21. Qxb5 Na7 22. Bf3 Nxb5 0-1


[Site "https://www.chess.com"]

[Event "Titled Tuesday Blitz May 16 Early 2023"]
[White "Floresvillar Gonzalez, Luis Migu"]
[Black "Mike24147"]
[WhiteFideId "5100542"]
[WhiteElo "2040"]
[BlackElo "2318"]
[Result "1-0"]
[Round "09"]
[TimeControl "180+2"]
[Date "2023.05.16"]
[WhiteClock "0:01:04"]
[BlackClock "0:00:35"]

1. d4 d5 2. c3 Nf6 3. Bg5 Ne4 4. h4 c5 5. e3 Qb6 6. Qb3 c4 7. Qxb6 axb6 8. Nd2 Nxd2 9. Kxd2 b5 10. a3 Bf5 11. f3 h5 12. g3 e6 13. Re1 Bg6 14. e4 Kd7 15. Bh3 Kc6 16. exd5+ exd5 17. Ne2 Nd7 18. Nf4 Nb6 19. Be7 Bd3 20. Bxf8 Rhxf8 21. Nxd3 cxd3 22. Kxd3 Nc4 23. Kc2 Rfe8 24. Bf5 g6 25. Bd3 Nd6 26. Kd2 Nc4+ 27. Bxc4 bxc4 28. Rxe8 Rxe8 29. Re1 Rxe1 30. Kxe1 Kb5 31. Kd2 Ka4 32. Kc2 f5 33. f4 b6 34. Kc1 Kb3 35. Kb1 b5 36. Kc1 Ka2 37. Kc2 Ka1 38. b3 Ka2 39. bxc4 dxc4 40. d5 Kxa3 41. d6 1-0


[Site "https://www.chess.com"]

[Event "Titled Tuesday Blitz May 16 Early 2023"]
[White "Fernandez Hernandez, Gerardo"]
[Black "Onslow, Alfie"]
[WhiteFideId "2207400"]
[BlackFideId "436976"]
[WhiteElo "2175"]
[BlackElo "2114"]
[Result "1-0"]
[Round "09"]
[TimeControl "180+2"]
[Date "2023.05.16"]
[WhiteClock "0:01:18"]
[BlackClock "0:01:24"]

1. e4 c5 2. d3 Nc6 3. g3 g6 4. Bg2 Bg7 5. f4 d6 6. Nf3 e6 7. O-O Nge7 8. c3 O-O 9. Be3 b6 10. d4 cxd4 11. cxd4 d5 12. e5 a5 13. Nc3 Ba6 14. Re1 b5 15. Bf1 Qb6 16. Rc1 Rfc8 17. Qb3 Rab8 18. a4 bxa4 19. Qxb6 Rxb6 20. Nxa4 Bxf1 21. Nxb6 Rb8 22. Nd7 Rb7 23. Nc5 Rxb2 24. Rxf1 Nf5 25. Bf2 h5 26. Nxe6 Nb4 27. Rc8+ Kh7 28. Neg5+ Kh6 29. Nxf7+ Kh7 30. N3g5# 1-0


[Site "https://www.chess.com"]

[Event "Titled Tuesday Blitz May 16 Early 2023"]
[White "rionelG"]
[Black "Kopczynski, Michal"]
[BlackFideId "1124200"]
[WhiteElo "2221"]
[BlackElo "2212"]
[Result "1-0"]
[Round "09"]
[TimeControl "180+2"]
[Date "2023.05.16"]
[WhiteClock "0:00:07"]
[BlackClock "0:00:05"]

1. e4 b6 2. d3 Bb7 3. Nd2 e6 4. g3 Nf6 5. Bg2 d5 6. Ngf3 dxe4 7. Ng5 Nbd7 8. O-O Be7 9. Ngxe4 Nxe4 10. Nxe4 Rb8 11. Qe2 O-O 12. b3 c5 13. Bb2 Nf6 14. Be5 Nxe4 15. Bxb8 Nc3 16. Qd2 Bxg2 17. Kxg2 Qxb8 18. Qxc3 Bf6 19. Qc4 Bxa1 20. Rxa1 Qe5 21. Rf1 h5 22. h4 Rd8 23. a4 Rd4 24. Qc3 Qd5+ 25. f3 g5 26. hxg5 Qxg5 27. Rh1 h4 28. Qe1 Kf8 29. Rh3 Ke7 30. Kh2 hxg3+ 31. Qxg3 Qf5 32. Rh4 Rd7 33. Rf4 Qh7+ 34. Qh4+ Qxh4+ 35. Rxh4 Kf6 36. Kg3 Ke5 37. Kf2 f5 38. Ke3 Rg7 39. c3 Kd5 40. d4 cxd4+ 41. Rxd4+ Kc5 42. b4+ Kc6 43. Rd8 Rg1 44. Ra8 Kb7 45. Re8 Re1+ 46. Kd4 Kc7 47. Re7+ Kc6 48. Rxa7 e5+ 49. Kd3 Rd1+ 50. Ke2 Rc1 51. Kd2 Rf1 52. Ke2 Rc1 53. Kd3 Rf1 54. Ke3 Rc1 55. b5+ Kd6 56. Rb7 Rxc3+ 57. Ke2 Kc5 58. Rc7+ Kb4 59. Rxc3 Kxc3 60. a5 bxa5 61. b6 a4 62. b7 a3 63. b8=Q a2 64. Qxe5+ Kb3 65. Qa1 Ka3 66. Kd3 Kb3 67. Kd4 Kb4 68. Qxa2 Kb5 69. Qb2+ Kc6 70. Ke5 1-0


[Site "https://www.chess.com"]

[Event "Titled Tuesday Blitz May 16 Early 2023"]
[White "Barbot, Pierre"]
[Black "Tarnowska, Aleksandra"]
[WhiteFideId "663727"]
[BlackFideId "1180967"]
[WhiteElo "2431"]
[BlackElo "1776"]
[Result "1-0"]
[Round "09"]
[TimeControl "180+2"]
[Date "2023.05.16"]
[WhiteClock "0:00:23"]
[BlackClock "0:00:04"]

1. d4 d5 2. Nc3 Nf6 3. Bf4 c6 4. e3 Bf5 5. f3 Nbd7 6. g4 Bg6 7. h4 h5 8. g5 Ng8 9. Bd3 Bxd3 10. Qxd3 e6 11. Nge2 Ne7 12. e4 Ng6 13. O-O-O Bb4 14. Bg3 Qa5 15. f4 dxe4 16. Qxe4 O-O-O 17. Kb1 Nb6 18. Rhf1 Nc4 19. f5 exf5 20. Rxf5 Qb6 21. Na4 Qa6 22. Rxf7 Rd7 23. Rxd7 Kxd7 24. Nc5+ Bxc5 25. dxc5+ Kc8 26. Qe6# 1-0


[Site "https://www.chess.com"]

[Event "Titled Tuesday Blitz May 16 Early 2023"]
[White "Winkels, Marcel"]
[Black "lluiss"]
[WhiteFideId "1003887"]
[WhiteElo "1900"]
[BlackElo "2280"]
[Result "1/2-1/2"]
[Round "09"]
[TimeControl "180+2"]
[Date "2023.05.16"]
[WhiteClock "0:00:03"]
[BlackClock "0:00:05"]

1. d4 Nf6 2. Nc3 d5 3. Bf4 g6 4. e3 Bg7 5. h4 h5 6. Nf3 O-O 7. Ne5 c5 8. Qd2 Nc6 9. f3 cxd4 10. exd4 Bf5 11. O-O-O Rc8 12. g4 hxg4 13. h5 Nxe5 14. dxe5 Nxh5 15. Rxh5 gxh5 16. Bh6 d4 17. Ne4 gxf3 18. Bd3 Bg6 19. Rg1 f2 20. Nxf2 Rc6 21. Bxg7 Kxg7 22. Nh3 Qd5 23. Nf4 Qxa2 24. Nxh5+ Kg8 25. Qh6 Qa1+ 26. Kd2 Qa5+ 27. Ke2 Qxe5+ 28. Kd1 Rfc8 29. Bxg6 Rxg6 30. Rxg6+ fxg6 31. Qxg6+ Kf8 32. Qh6+ Ke8 33. Qg6+ Kd7 34. Ng7 Qf6 35. Qg4+ Kc7 36. Ne6+ Kb8 37. Qg3+ Ka8 38. Nc7+ Rxc7 39. Qxc7 Qf1+ 40. Kd2 Qf2+ 41. Kd1 Qf1+ 42. Kd2 Qf2+ 43. Kd1 Qf1+ 1/2-1/2


[Site "https://www.chess.com"]

[Event "Titled Tuesday Blitz May 16 Early 2023"]
[White "Suduvasachmatai"]
[Black "Zaichenko, Daria"]
[BlackFideId "4197453"]
[WhiteElo "2118"]
[BlackElo "2039"]
[Result "1-0"]
[Round "09"]
[TimeControl "180+2"]
[Date "2023.05.16"]
[WhiteClock "0:00:51"]
[BlackClock "0:00:19"]

1. e4 c5 2. c3 Nc6 3. d4 cxd4 4. cxd4 d5 5. exd5 Qxd5 6. Nf3 Bg4 7. Be2 e6 8. Nc3 Bb4 9. O-O Qd8 10. Be3 Nf6 11. h3 Bh5 12. Ne5 Nxe5 13. Bxh5 Nc6 14. Bf3 O-O 15. a3 Be7 16. Qc2 Nd5 17. Nxd5 exd5 18. Rad1 Qd6 19. Qb3 Rfd8 20. g3 Na5 21. Qc3 Nc4 22. Bf4 Qb6 23. Bxd5 Rxd5 24. Qxc4 Qb5 25. Qxb5 Rxb5 26. b4 Rd8 27. Rfe1 Bf6 28. d5 Kf8 29. d6 g5 30. Be3 b6 31. d7 Re5 32. h4 gxh4 33. gxh4 Re7 34. Bh6+ Kg8 35. Rxe7 Bxe7 36. Bf4 Bxh4 37. Bc7 f5 38. Bxd8 Kf7 39. Bxh4 1-0


[Site "https://www.chess.com"]

[Event "Titled Tuesday Blitz May 16 Early 2023"]
[White "Cramling Bellon, Anna"]
[Black "FunnyDuck66"]
[WhiteFideId "32009232"]
[WhiteElo "1976"]
[BlackElo "2250"]
[Result "1-0"]
[Round "09"]
[TimeControl "180+2"]
[Date "2023.05.16"]
[WhiteClock "0:00:06"]
[BlackClock "0:00:00"]

1. d4 Nf6 2. c4 e6 3. Nc3 Bb4 4. Qc2 O-O 5. e4 Bxc3+ 6. bxc3 d6 7. e5 dxe5 8. dxe5 Nfd7 9. Nf3 Nc6 10. Bf4 Qe7 11. Bd3 h6 12. O-O Nc5 13. Bh7+ Kh8 14. Nd4 Rd8 15. Rad1 Bd7 16. Be4 Qh4 17. g3 Qe7 18. Qe2 Nxe4 19. Qxe4 Na5 20. Qe2 c5 21. Nb5 Bc6 22. Nd6 Rd7 23. Qh5 Qf8 24. g4 Rad8 25. g5 g6 26. Qxh6+ Qxh6 27. gxh6 Kh7 28. Bg5 Rf8 29. f3 b6 30. Kf2 Nb7 31. Ne4 Rxd1 32. Nf6+ Kh8 33. Rxd1 Rd8 34. Rxd8+ Nxd8 35. h7 Nb7 36. Bh6 1-0


[Site "https://www.chess.com"]

[Event "Titled Tuesday Blitz May 16 Early 2023"]
[White "Necula, Iulian"]
[Black "Zaksaite, Salomeja"]
[WhiteFideId "1232380"]
[BlackFideId "12801496"]
[WhiteElo "1790"]
[BlackElo "2059"]
[Result "0-1"]
[Round "09"]
[TimeControl "180+2"]
[Date "2023.05.16"]
[WhiteClock "0:00:35"]
[BlackClock "0:00:19"]

1. d4 Nf6 2. Nc3 d5 3. Bf4 c5 4. e4 Nxe4 5. Nxe4 dxe4 6. dxc5 Qa5+ 7. c3 Qxc5 8. Qa4+ Nc6 9. Qxe4 g6 10. O-O-O Bg7 11. Be3 Qa5 12. Bc4 O-O 13. Qd5 Bxc3 14. Qxa5 Bxa5 15. a3 Ne5 16. Bd5 Bf5 17. b4 Rac8+ 18. Kb2 Bb6 19. Bxb7 Rc2+ 20. Kb3 Rc7 21. Bd5 Bc2+ 22. Kb2 Bxd1 23. Nf3 Bxf3 24. gxf3 Bxe3 25. fxe3 e6 26. Be4 Nc4+ 27. Kb3 Nd2+ 28. Ka4 Nxe4 29. fxe4 Rfc8 0-1


[Site "https://www.chess.com"]

[Event "Titled Tuesday Blitz May 16 Early 2023"]
[White "rikchessmx"]
[Black "Torres Dominguez, David"]
[BlackFideId "2220857"]
[WhiteElo "2245"]
[BlackElo "1999"]
[Result "0-1"]
[Round "09"]
[TimeControl "180+2"]
[Date "2023.05.16"]
[WhiteClock "0:01:45"]
[BlackClock "0:00:50"]

1. e4 Nc6 2. d4 e5 3. d5 Nce7 4. h4 h5 5. Be2 Nf6 6. Nc3 Ng6 7. g3 Bb4 8. f3 d6 9. a3 Bxc3+ 10. bxc3 b6 11. Nh3 Bd7 12. Ng5 Qe7 13. a4 a5 14. Be3 Nf8 15. Kf2 Kd8 16. Qb1 Ne8 17. Bb5 f6 18. Nh3 g6 19. Bd3 Ng7 20. c4 Qe8 21. Qb3 Ke7 22. f4 Kf7 23. Ng1 Kg8 24. Nf3 Bg4 25. fxe5 Bxf3 26. exf6 Bxh1 27. fxg7 Kxg7 28. Bd4+ Kh7 29. Rxh1 Nd7 30. g4 Rf8+ 31. Kg3 Ne5 32. gxh5 gxh5 33. Bxe5 Qg6+ 34. Kh3 Rf3+ 35. Kh2 Rf2+ 36. Kh3 Qg4# 0-1


[Site "https://www.chess.com"]

[Event "Titled Tuesday Blitz May 16 Early 2023"]
[White "Hartikainen, Jarmo"]
[Black "mjelcic"]
[WhiteFideId "503134"]
[WhiteElo "2096"]
[BlackElo "2244"]
[Result "0-1"]
[Round "09"]
[TimeControl "180+2"]
[Date "2023.05.16"]
[WhiteClock "0:00:00"]
[BlackClock "0:01:24"]

1. e4 g6 2. d4 Bg7 3. Nc3 d6 4. Be3 Nf6 5. Be2 O-O 6. g4 c5 7. d5 Qa5 8. Qd2 Nxg4 9. Bxg4 Bxg4 10. f3 Bd7 11. h4 h5 12. Nh3 Bxh3 13. Rxh3 Nd7 14. Bh6 Ne5 15. Bxg7 Kxg7 16. O-O-O b5 17. Nb1 Qxa2 18. f4 Nc4 19. Qc3+ Kh7 20. f5 Qa5 21. Rg1 Qxc3 22. Nxc3 b4 23. Ne2 a5 24. Nf4 Ne5 25. Rhg3 Ng4 26. Rxg4 hxg4 27. h5 g5 28. Ne2 a4 29. Kd2 a3 30. bxa3 bxa3 31. Ra1 Rfb8 0-1


[Site "https://www.chess.com"]

[Event "Titled Tuesday Blitz May 16 Early 2023"]
[White "agvania123"]
[Black "Maluco_do_Natal_00"]
[WhiteElo "2236"]
[BlackElo "2026"]
[Result "0-1"]
[Round "09"]
[TimeControl "180+2"]
[Date "2023.05.16"]
[WhiteClock "0:00:11"]
[BlackClock "0:00:15"]

1. c4 c5 2. Nc3 Nc6 3. Nf3 Nf6 4. e4 d6 5. d3 g6 6. g3 Bg7 7. Bg2 O-O 8. O-O Rb8 9. Rb1 a6 10. a4 h6 11. h3 Kh7 12. Be3 Be6 13. b3 Ng4 14. Bd2 Nge5 15. Nxe5 Nxe5 16. Qe2 Nc6 17. Nd5 Nd4 18. Qd1 Bxd5 19. exd5 Qd7 20. b4 b6 21. Re1 Rfe8 22. Qc1 Qf5 23. Be4 Qxh3 24. Bc3 e6 25. dxe6 Rxe6 26. Qd1 Rbe8 27. Bxd4 Bxd4 28. Qd2 Qxg3+ 29. Kf1 Qh3+ 30. Bg2 Rxe1+ 31. Rxe1 Rxe1+ 32. Qxe1 Qxd3+ 33. Kg1 Qxc4 34. bxc5 bxc5 35. Qe7 Qe6 36. Qb7 Qe1+ 37. Kh2 Be5+ 38. Kh3 Qc3+ 39. f3 Qc4 40. Qe4 Qxe4 41. fxe4 Kg7 42. Kg4 a5 43. Bf1 Kf6 44. Bc4 Bc3 45. Kf3 Ke5 46. Bxf7 g5 47. Bd5 h5 48. Bf7 h4 49. Bd5 Bd2 50. Kg4 Bf4 51. Bc6 c4 52. Bb5 c3 53. Bd3 Kd4 54. Bc2 Ke3 55. Bb1 Kd2 56. e5 dxe5 57. Kh3 c2 58. Bxc2 Kxc2 59. Kg4 Kb3 60. Kh3 Kxa4 61. Kg4 Kb3 62. Kh3 a4 63. Kg4 a3 64. Kh3 a2 65. Kg4 a1=Q 66. Kh3 Qh1+ 67. Kg4 Qg2+ 68. Kh5 h3 69. Kg6 h2 70. Kg7 h1=Q 71. Kg6 Qe4+ 72. Kf6 Qh6+ 73. Ke7 Qb7+ 74. Ke8 Qh8# 0-1


[Site "https://www.chess.com"]

[Event "Titled Tuesday Blitz May 16 Early 2023"]
[White "Quirke, Jeffrey"]
[Black "Sanchez, Robert"]
[WhiteFideId "2013029"]
[BlackFideId "2034360"]
[WhiteElo "2229"]
[BlackElo "1870"]
[Result "1-0"]
[Round "09"]
[TimeControl "180+2"]
[Date "2023.05.16"]
[WhiteClock "0:00:00"]
[BlackClock "0:01:04"]

1. e4 d5 2. exd5 Qxd5 3. Nc3 Qe6+ 4. Be2 Qg6 5. Nf3 Qxg2 6. Rg1 Qh3 7. d4 Nf6 8. Bf4 g6 9. Qd2 c6 10. O-O-O Bg7 11. Ng5 Qd7 12. Bc4 e6 13. Rge1 Nd5 14. Nce4 O-O 15. Bd6 Re8 16. Be5 f6 17. Bxd5 fxe5 18. Bb3 Qxd4 19. Qe2 Qb4 20. Nxe6 Bxe6 21. Bxe6+ Rxe6 22. Rd8+ Bf8 23. Red1 a5 24. Qf3 Qe7 25. Rc8 Qf7 26. Qb3 a4 27. Qc4 b5 1-0


[Site "https://www.chess.com"]

[Event "Titled Tuesday Blitz May 16 Early 2023"]
[White "Yonal, Timur"]
[Black "De Souza, Cristiano Gomes"]
[WhiteFideId "44115725"]
[BlackFideId "2151758"]
[WhiteElo "1966"]
[BlackElo "2068"]
[Result "1-0"]
[Round "09"]
[TimeControl "180+2"]
[Date "2023.05.16"]
[WhiteClock "0:01:20"]
[BlackClock "0:00:39"]

1. g3 Nf6 2. Bg2 g6 3. d4 Bg7 4. c4 d6 5. Nc3 O-O 6. e4 Nc6 7. Nge2 e5 8. d5 Na5 9. b3 c5 10. O-O a6 11. Qd3 Bd7 12. Rb1 Rb8 13. a3 b5 14. Bg5 h6 15. Bxf6 Bxf6 16. cxb5 axb5 17. b4 Nc4 18. a4 Na3 19. Rb3 cxb4 20. Rxb4 bxa4 21. Rxb8 Qxb8 22. Nxa4 Bxa4 23. Qxa3 Bb5 24. Rb1 Qe8 25. Nc3 Bd3 26. Rd1 Bc4 27. Qxd6 Kg7 28. Qc5 Ba6 29. Ra1 Bd3 30. d6 Qb8 31. Nd5 Rd8 32. Rd1 Qb5 33. Qc3 Bc4 34. Nxf6 Kxf6 35. f4 Qc5+ 36. Kh1 Ke6 37. fxe5 Rc8 38. Bh3+ 1-0


[Site "https://www.chess.com"]

[Event "Titled Tuesday Blitz May 16 Early 2023"]
[White "Ziatdinov, Raset"]
[Black "Lakshmi C"]
[WhiteFideId "2015323"]
[BlackFideId "25035347"]
[WhiteElo "2220"]
[BlackElo "1942"]
[Result "1-0"]
[Round "09"]
[TimeControl "180+2"]
[Date "2023.05.16"]
[WhiteClock "0:00:53"]
[BlackClock "0:00:01"]

1. e4 d6 2. d4 g6 3. Nc3 Bg7 4. Nf3 Nd7 5. Be3 b6 6. Qd2 Bb7 7. Bd3 c5 8. Ne2 Rc8 9. c3 Ngf6 10. Ng3 d5 11. e5 Ng4 12. Bf4 h5 13. h3 Nh6 14. e6 Nf8 15. exf7+ Kxf7 16. Ne5+ Bxe5 17. Bxe5 Rh7 18. Nxh5 Nf5 19. Ng3 e6 20. Nxf5 exf5 21. h4 Nd7 22. Bg3 Qe7+ 23. Kf1 Nf6 24. f3 Nh5 25. Bf2 Qd6 26. Rh3 Nf4 27. Bg3 g5 28. Bxf5 Ba6+ 29. Kf2 Nxh3+ 30. gxh3 Qe7 31. Bxh7 gxh4 32. Be5 Qe6 33. Rg1 Qxh3 34. Qf4+ Ke7 35. Rg7+ 1-0


[Site "https://www.chess.com"]

[Event "Titled Tuesday Blitz May 16 Early 2023"]
[White "Kriti Mayur Patel"]
[Black "Pein, Jonathan"]
[WhiteFideId "35061780"]
[BlackFideId "417092"]
[WhiteElo "1306"]
[BlackElo "2151"]
[Result "0-1"]
[Round "09"]
[TimeControl "180+2"]
[Date "2023.05.16"]
[WhiteClock "0:00:14"]
[BlackClock "0:01:21"]

1. e4 e5 2. Nf3 d6 3. Bc4 Nf6 4. d3 Be7 5. O-O O-O 6. a4 Nc6 7. a5 a6 8. c3 Kh8 9. b4 Ng8 10. d4 exd4 11. Nxd4 Bf6 12. Nxc6 bxc6 13. f4 Qe7 14. Qd3 Re8 15. Re1 d5 16. Bb3 dxe4 17. Qc4 Be6 18. Qxc6 Bxb3 19. Nd2 Qe6 20. Qxc7 Rac8 21. Qb6 Bxc3 22. Rb1 Bc2 23. b5 Bxb1 24. bxa6 e3 25. Nf1 Bxe1 26. Bxe3 Qxb6 27. axb6 Bd3 28. a7 Ba6 29. Bd4 Ba5 30. Ne3 Rcd8 31. Bc5 Nf6 32. Nf5 Bb7 33. Nd6 Rxd6 34. Bxd6 Bxb6+ 35. Kf1 Ba6# 0-1


[Site "https://www.chess.com"]

[Event "Titled Tuesday Blitz May 16 Early 2023"]
[White "ChawitAp"]
[Black "Vargas Rodriguez, Wilver"]
[BlackFideId "3509672"]
[WhiteElo "2210"]
[BlackElo "2246"]
[Result "1-0"]
[Round "09"]
[TimeControl "180+2"]
[Date "2023.05.16"]
[WhiteClock "0:00:51"]
[BlackClock "0:00:00"]

1. d4 d5 2. Nf3 Nf6 3. c3 Bf5 4. Bf4 c6 5. e3 e6 6. Qb3 Qb6 7. c4 Bb4+ 8. Nc3 Nbd7 9. c5 Bxc3+ 10. bxc3 Qxb3 11. axb3 O-O 12. Nd2 Rfe8 13. Bd6 e5 14. Be2 Ne4 15. Nxe4 Bxe4 16. f3 Bg6 17. Kd2 f5 18. b4 a6 19. c4 exd4 20. exd4 Bf7 21. cxd5 Bxd5 22. Bd3 g6 23. h4 h5 24. Rhe1 Kf7 25. Rg1 Rad8 26. g4 Bxf3 27. gxf5 gxf5 28. Bxf5 Nf8 29. Raf1 Re2+ 30. Kd3 1-0


[Site "https://www.chess.com"]

[Event "Titled Tuesday Blitz May 16 Early 2023"]
[White "zsizsi99"]
[Black "Guevara Sanchez, Erick Marvin"]
[BlackFideId "6700136"]
[WhiteElo "1995"]
[BlackElo "2040"]
[Result "1-0"]
[Round "09"]
[TimeControl "180+2"]
[Date "2023.05.16"]
[WhiteClock "0:00:32"]
[BlackClock "0:00:00"]

1. e4 c5 2. Nf3 Nc6 3. c3 e5 4. d4 cxd4 5. cxd4 exd4 6. Nxd4 Bc5 7. Nf5 Qf6 8. Nc3 Nge7 9. Be3 Bxe3 10. Nxe3 O-O 11. Bc4 Ne5 12. Be2 Qg6 13. f3 Qg5 14. Qd2 N7c6 15. O-O Qh4 16. f4 Ng6 17. g3 Qd8 18. e5 f5 19. Bd3 Nge7 20. Bc4+ Kh8 21. Rad1 Qb6 22. Kh1 Nd8 23. Ncd5 Qc5 24. b4 Qc6 25. Qd3 b5 26. Bxb5 Qb7 27. Bc4 Nec6 28. a3 Ne6 29. Nxf5 a5 30. Nd6 Qa7 31. b5 Ncd4 32. b6 Qb8 33. Nc7 Nxc7 34. bxc7 Qxc7 35. Qxd4 Bb7+ 36. Bd5 Bxd5+ 37. Qxd5 Qc3 38. Nf7+ Rxf7 39. Qxa8+ 1-0


[Site "https://www.chess.com"]

[Event "Titled Tuesday Blitz May 16 Early 2023"]
[White "Castillo Pena, Patricia Evarista"]
[Black "Ciuffoletti, Paolo"]
[WhiteFideId "6412106"]
[BlackFideId "807630"]
[WhiteElo "1919"]
[BlackElo "2143"]
[Result "0-1"]
[Round "09"]
[TimeControl "180+2"]
[Date "2023.05.16"]
[WhiteClock "0:00:00"]
[BlackClock "0:00:32"]

1. d4 d5 2. Nf3 Nf6 3. e3 c5 4. Bd3 Nc6 5. b3 g6 6. Bb2 Bg7 7. Nbd2 O-O 8. O-O Bg4 9. h3 Bxf3 10. Nxf3 Ne4 11. a3 a6 12. Rb1 b5 13. dxc5 Bxb2 14. Rxb2 Nxc5 15. Qe2 e5 16. Bxb5 axb5 17. Qxb5 Qd6 18. Rd1 Rfb8 19. Qe2 Na4 20. Rbb1 Nc3 21. Qd2 Nxb1 22. Rxb1 Rxa3 23. Rd1 Rd8 0-1


[Site "https://www.chess.com"]

[Event "Titled Tuesday Blitz May 16 Early 2023"]
[White "Benaddi, Mouhcine"]
[Black "Vargas, Mauricio"]
[WhiteFideId "9001050"]
[BlackFideId "4404572"]
[WhiteElo "2036"]
[BlackElo "1986"]
[Result "1-0"]
[Round "09"]
[TimeControl "180+2"]
[Date "2023.05.16"]
[WhiteClock "0:01:26"]
[BlackClock "0:00:06"]

1. Nf3 d5 2. d4 Nd7 3. c4 c6 4. cxd5 cxd5 5. Nc3 Ngf6 6. Bg5 a6 7. e3 h6 8. Bh4 g5 9. Bg3 b5 10. h4 g4 11. Ne5 Nxe5 12. dxe5 Ne4 13. Qxd5 Nxg3 14. fxg3 Qb6 15. Qxa8 Qxe3+ 16. Be2 Qxg3+ 17. Kd1 Kd8 18. Kc2 Qxe5 19. Rad1+ Kc7 20. Nd5+ Kd7 21. Nb6+ Ke6 22. Qxc8+ Kf6 23. Nd7+ Ke6 24. Nxe5+ Kxe5 25. Rhf1 e6 26. Qc3+ Ke4 27. Qd4# 1-0


[Site "https://www.chess.com"]

[Event "Titled Tuesday Blitz May 16 Early 2023"]
[White "Lohani, Sujana"]
[Black "Dahlgren, James Allen"]
[WhiteFideId "12311987"]
[BlackFideId "22256873"]
[WhiteElo "1718"]
[BlackElo "2185"]
[Result "0-1"]
[Round "09"]
[TimeControl "180+2"]
[Date "2023.05.16"]
[WhiteClock "0:00:00"]
[BlackClock "0:00:19"]

1. d4 e6 2. Nf3 c5 3. d5 Nf6 4. c4 g6 5. Nc3 exd5 6. cxd5 d6 7. e4 Bg7 8. h3 O-O 9. Bd3 Re8 10. O-O b5 11. Bxb5 Bd7 12. Bd3 h6 13. Re1 Qb6 14. Qc2 Na6 15. a3 Rab8 16. Rb1 Nh5 17. Qe2 Nc7 18. g4 Nf6 19. Bf4 g5 20. Bg3 Nb5 21. Nxb5 Bxb5 22. Bxb5 Qxb5 23. Qxb5 Rxb5 24. Bxd6 Rxe4 25. Nd2 Rxe1+ 26. Rxe1 Rxb2 27. Nc4 Rc2 28. Ne5 Nxd5 29. Nd3 c4 30. Nc5 c3 31. Re8+ Kh7 0-1


[Site "https://www.chess.com"]

[Event "Titled Tuesday Blitz May 16 Early 2023"]
[White "Kretchetov, Alexandre"]
[Black "NtcPou"]
[WhiteFideId "4124588"]
[WhiteElo "2440"]
[BlackElo "2016"]
[Result "0-1"]
[Round "09"]
[TimeControl "180+2"]
[Date "2023.05.16"]
[WhiteClock "0:00:17"]
[BlackClock "0:00:35"]

1. e4 c6 2. c4 d5 3. cxd5 cxd5 4. exd5 Nf6 5. Bc4 g6 6. Nc3 Bg7 7. Nf3 O-O 8. d4 Nbd7 9. O-O Nb6 10. Bb3 Nbxd5 11. Bg5 Nxc3 12. bxc3 b6 13. Ne5 Bb7 14. Rc1 h6 15. Bf4 e6 16. c4 g5 17. Bg3 Ne4 18. f4 Nxg3 19. hxg3 Qf6 20. Nd7 Qxd4+ 21. Kh2 Rfd8 22. Qxd4 Bxd4 23. Ne5 Bxe5 24. fxe5 Rd2 25. Rg1 Rad8 26. Rcf1 Re2 27. Bd1 Rxa2 28. Bh5 Rd7 29. Rc1 Kg7 30. c5 bxc5 31. Rxc5 Rdd2 32. Kh3 Bxg2+ 33. Kh2 Bf3+ 34. Kh3 Bxh5 35. g4 Bg6 36. Rgc1 Ra3+ 37. R1c3 Rxc3+ 38. Rxc3 Ra2 39. Rc7 a5 40. Ra7 a4 41. Ra5 a3 42. Kg3 Ra1 43. Kf3 a2 44. Ke3 Re1+ 45. Kd2 a1=Q 0-1


[Site "https://www.chess.com"]

[Event "Titled Tuesday Blitz May 16 Early 2023"]
[White "Lenderman, Aleksandr"]
[Black "Maghsoodloo, Parham"]
[WhiteFideId "2021285"]
[BlackFideId "12539929"]
[WhiteElo "2607"]
[BlackElo "2655"]
[Result "1-0"]
[Round "10"]
[TimeControl "180+2"]
[Date "2023.05.16"]
[WhiteClock "0:00:09"]
[BlackClock "0:00:01"]

1. Nf3 Nf6 2. c4 e6 3. Nc3 d5 4. e3 a6 5. b3 Bd6 6. Bb2 b6 7. Rc1 Bb7 8. cxd5 exd5 9. Ne2 Nbd7 10. g3 c5 11. Bg2 O-O 12. O-O Rc8 13. Nf4 Qe7 14. d3 d4 15. Nxd4 cxd4 16. Bxb7 Rxc1 17. Bxc1 Nc5 18. Bg2 Bxf4 19. exf4 Rc8 20. Ba3 Qd7 21. Re1 Qb5 22. Bh3 Rd8 23. Bxc5 Qxc5 24. Re5 Qc3 25. Qe2 h6 26. Bf5 g6 27. Be4 Kg7 28. Bf3 Rc8 29. Kg2 Rc7 30. g4 Qc1 31. g5 Nd7 32. Rd5 Qxf4 33. gxh6+ Kxh6 34. Qe4 Qxe4 35. dxe4 Nc5 36. Rxd4 Ne6 37. Rd6 Rc3 38. Bd1 Nf4+ 39. Kf1 Rc1 40. Ke1 Ra1 41. a4 b5 42. Kd2 bxa4 43. bxa4 a5 44. Ke3 Ne6 45. Rd5 Ra3+ 46. Kd2 Ra2+ 47. Ke3 Ra3+ 48. Kd2 Ra2+ 49. Kc3 Ra3+ 50. Bb3 Nf4 51. Rxa5 Ra2 52. Bxa2 1-0


[Site "https://www.chess.com"]

[Event "Titled Tuesday Blitz May 16 Early 2023"]
[White "Nakamura, Hikaru"]
[Black "Zakhartsov, Vladimir"]
[WhiteFideId "2016192"]
[BlackFideId "4145097"]
[WhiteElo "2885"]
[BlackElo "2495"]
[Result "1-0"]
[Round "10"]
[TimeControl "180+2"]
[Date "2023.05.16"]
[WhiteClock "0:00:10"]
[BlackClock "0:00:00"]

1. e4 c5 2. c3 Nf6 3. e5 Nd5 4. d4 cxd4 5. Qxd4 e6 6. Nf3 Nc6 7. Qe4 d6 8. exd6 Bxd6 9. Bc4 Nf6 10. Qe2 h6 11. O-O O-O 12. Nbd2 Qc7 13. Bd3 Ne5 14. Nxe5 Bxe5 15. g3 Bd6 16. Nc4 b6 17. Nxd6 Qxd6 18. Rd1 Qc6 19. Bb5 Qc5 20. Bf4 Nd5 21. Be5 f6 22. Bd4 Qc7 23. Bd3 Qf7 24. c4 Nb4 25. Be4 Rb8 26. a3 Na6 27. b4 Nc7 28. Bc3 e5 29. Rd6 Be6 30. Rc6 b5 31. c5 Bc4 32. Qg4 Ne6 33. Bg6 Qe7 34. Rd1 Ng5 35. h4 Ne6 36. Rcd6 Rfd8 37. Bf5 Nf8 38. Bd2 Rxd6 39. cxd6 Qxd6 40. Bxh6 Qe7 41. Be3 Be6 42. Bxe6+ Nxe6 43. h5 Rd8 44. Rxd8+ Nxd8 45. h6 a6 46. Bc5 Qc7 47. Qg6 Qf7 48. Qg4 Ne6 49. Be3 Kh7 50. hxg7 Nxg7 51. Qh3+ Qh5 52. Qd7 Qf5 53. Qc6 Qb1+ 54. Kg2 Kg6 55. Qxa6 Qe4+ 56. Kg1 Qb1+ 57. Kh2 Qd3 58. a4 Nf5 59. Qxb5 Qc2 60. Qe8+ Kg7 61. Qd7+ Kg6 62. Bc5 e4 63. a5 e3 64. Bxe3 Qb2 65. a6 Nxe3 66. Qe8+ Kf5 67. Qxe3 Qxb4 68. Qf3+ 1-0


[Site "https://www.chess.com"]